 Dungeon Crawl Stone Soup version 0.20.1-1-g8b1a95d (webtiles) character file.

5851 Mesmaeker13 the Pacifist (level 10, -13/94 HPs)
             Began as a Deep Dwarf Fighter on Aug 12, 2017.
             Was an Elder of Elyvilon.
             Killed from afar by Shiggs's ghost (29 damage)
             ... with a flame tongue
             ... on level 9 of the Dungeon.
             The game lasted 00:22:56 (7907 turns).

Mesmaeker13 the Pacifist (Deep Dwarf Fighter)       Turns: 7907, Time: 00:22:56

Health: -13/94     AC: 19    Str: 22    XL:     10   Next: 52%
Magic:  13/13      EV:  2    Int: 10    God:    Elyvilon [****..]
Gold:   341        SH: 11    Dex: 14    Spells: 9/9 levels left

rFire    . . .     SeeInvis .   a - +0 war axe
rCold    . . .     Gourm    .   c - +0 shield
rNeg     . . .     Faith    .   H - -1 crystal plate armour
rPois    .         Spirit   .   q - +0 helmet
rElec    .         Reflect  .   l - scarf {repulsion}
rCorr    .         Harm     .   (no gloves)
MR       +....                  (no boots)
Stlth    ..........             G - amulet of rage
Regen    0.0/turn               y - +2 ring of strength
MPRegen  0.2/turn               (no ring)

@: non-regenerating, drained, repel missiles
A: damage resistance, heal wounds, sense surroundings 2, no regeneration
a: Heal Wounds, Lesser Healing, Heal Other, Purification, Greater Healing,
Divine Protection, Renounce Religion, Evoke Berserk Rage


You were on level 9 of the Dungeon.
You worshipped Elyvilon.
Elyvilon was greatly pleased with you.
You were hungry.

You visited 1 branch of the dungeon, and saw 9 of its levels.
You also visited: Bailey.

You collected 341 gold pieces.

Inventory:

Hand Weapons
 a - a +0 war axe (weapon)
 o - a +0 blowgun
 r - a +1 dagger of venom
 A - a +2 hand axe of venom
 M - a +3 battleaxe
Missiles
 p - 12 poisoned needles
 L - 25 tomahawks of returning (quivered)
 N - 8 javelins of returning
Armour
 c - a +0 shield (worn)
 l - a scarf of repulsion (worn)
 q - a +0 helmet (worn)
 C - a +0 chain mail
 H - a -1 crystal plate armour (worn)
Jewellery
 y - a +2 ring of strength (left hand)
 G - an amulet of rage (around neck)
Wands
 I - a wand of polymorph (7/24)
Scrolls
 h - a scroll of fear
 i - 2 scrolls of teleportation
 m - 3 scrolls of remove curse
 t - 2 scrolls of fog
 u - a scroll of enchant armour
 D - a scroll of magic mapping {unknown}
 E - a scroll of amnesia
 F - a scroll of enchant weapon {unknown}
 J - 2 scrolls of blinking {unknown}
Potions
 d - a potion of might
 e - a potion of haste {unknown}
 g - 3 potions of heal wounds
 k - a potion of lignification {unknown}
 n - 4 potions of curing
 s - 3 potions of brilliance {unknown}
 v - 3 potions of invisibility
 w - 2 potions of magic {unknown}
 x - 2 potions of mutation {unknown}
 B - 4 potions of agility {unknown}
Books
 b - a book of Debilitation

   Spells                             Type                      Level
   a - Corona                         Hexes                        1
   b - Slow                           Hexes                        2
   c - Inner Flame                    Hexes/Fire                   3
   d - Portal Projectile              Hexes/Translocation          3
   e - Cause Fear                     Hexes                        4
   f - Leda's Liquefaction            Hexes/Earth                  4
Comestibles
 f - 5 bread rations
 j - a meat ration
 z - 2 royal jellies
 K - 5 chunks of flesh


   Skills:
 + Level 7.0(6.5) Fighting
 + Level 8.0(7.5) Axes
 + Level 8.7(8.1) Armour
 + Level 8.5(8.0) Shields
 + Level 9.1(8.5) Invocations


You had 9 spell levels left.
You didn't know any spells.

Dungeon Overview and Level Annotations

Branches:
Dungeon (9/15)             Temple (0/1) D:6
   Lair: D:8-11         Orc: D:9-12

Altars:
Dithmenos
Elyvilon
Fedhas
Hepliaklqana
Kikubaaqudgha
Okawaru
Ru
Trog
Vehumet
Zin
The Shining One

Shops:
D:8 !

Annotations:
D:4 2 transporters
D:9 Shiggs's ghost, novice NaFE


Innate Abilities, Weirdness & Mutations

You are resistant to damage.
You can heal yourself by infusing magical energy.
You passively map the area around you.
You do not regenerate.


Message History

Shiggs's ghost is severely damaged.
Shiggs's ghost wails.
You block Shiggs's ghost's attack. x2
You closely miss Shiggs's ghost.
Shiggs's ghost is severely damaged.
You block Shiggs's ghost's attack.
You hit Shiggs's ghost but do no damage.
Shiggs's ghost is severely damaged.
Shiggs's ghost casts a spell at you. The flame tongue hits you!
* * * LOW HITPOINT WARNING * * *
You closely miss Shiggs's ghost.
Shiggs's ghost is severely damaged.
Shiggs's ghost says, "You can run, but you can't hide!"
Shiggs's ghost hits you but does no damage.
You hit Shiggs's ghost but do no damage.
Shiggs's ghost is severely damaged.
Shiggs's ghost points at you and mumbles some strange words.
The flame tongue hits you!
You die...

* .(....#.# #.#.# ,, * ,
......#.#,.,#.#.# * ,
#......#.#.. #...# , *
.#......#.#. #...#,, *, ,
*,....##....' ,#...# , * ,
..........#####...# , ,
,,................## ### *,
.......W...#..#.# ... ,
,...#.†@...#....# ... ,,*
,* ,#†.....#....######..
#....................### *,
#....................... ,,
, #...#...#.....#.......#.
,
,,.........................
* #########################


You could see Shiggs's ghost.

Vanquished Creatures
  The ghost of TepidLee the Basher, a novice TrFi of Okawaru (Bailey)
  2 two-headed ogres (D:8)
  An orc knight (Bailey)
  Sigmund (D:2)
  2 hungry ghosts
  5 yaks (D:8)
  An acid dragon (D:7)
  2 orc warriors
  2 sky beasts (D:7)
  2 phantoms
  2 ogres
  4 centaurs
  A bullfrog (D:8)
  4 wights (D:9)
  4 howler monkeys
  2 crimson imps
  2 hounds
  An orc priest (D:8)
  A bullfrog skeleton (D:5)
  2 iguanas
  A jelly (D:5)
  3 orc wizards
  2 centaur skeletons
  5 worker ants
  A killer bee zombie (D:8)
  A hound skeleton (D:6)
  A worker ant zombie (D:9)
  A howler monkey skeleton (D:8)
  3 gnolls (D:5)
  6 adders
  An adder skeleton (D:5)
  2 worms
  3 dart slugs
  3 leopard geckos
  25 orcs
  6 giant cockroaches
  12 goblins
  11 hobgoblins
  13 jackals
  2 quokkas (D:2)
  3 ball pythons
  A ball python zombie (D:6)
  3 bats
  3 frilled lizards
  A jackal zombie (D:7)
  16 kobolds
  A leopard gecko zombie (D:5)
  7 rats
179 creatures vanquished.

Notes
Turn   | Place    | Note
-------+----------+-------------------------------------------
     0 | D:1      | Mesmaeker13 the Deep Dwarf Fighter began the quest for the Orb.
     0 | D:1      | Reached XP level 1. HP: 20/20 MP: 1/1
   377 | D:1      | Reached XP level 2. HP: 27/27 MP: 2/2
   768 | D:2      | Found a blossoming altar of Fedhas.
   768 | D:2      | Found an ancient bone altar of Kikubaaqudgha.
   769 | D:2      | Found a glowing golden altar of the Shining One.
   772 | D:2      | Found a white marble altar of Elyvilon.
   778 | D:2      | Became a worshipper of Elyvilon the Healer
   806 | D:2      | Reached XP level 3. HP: 30/34 MP: 3/3
   897 | D:2      | Noticed Sigmund
  1282 | D:3      | Reached * piety under Elyvilon
  1414 | D:3      | Found a bloodstained altar of Trog.
  1486 | D:3      | Reached skill level 1 in Invocations
  1698 | D:3      | Reached XP level 4. HP: 30/42 MP: 4/4
  2029 | D:4      | Reached skill level 2 in Invocations
  2029 | D:4      | Reached XP level 5. HP: 22/49 MP: 6/6
  2115 | D:4      | Reached ** piety under Elyvilon
  2133 | D:4      | Found an iron altar of Okawaru.
  2134 | D:4      | Found a radiant altar of Vehumet.
  2158 | D:4      | Found a sacrificial altar of Ru.
  2189 | D:4      | Found a transporter.
  2256 | D:4      | Found a transporter.
  2505 | D:4      | Found a glowing silver altar of Zin.
  2694 | D:5      | Entered Level 5 of the Dungeon
  2798 | D:5      | Reached XP level 6. HP: 34/57 MP: 6/8
  2840 | D:5      | Reached skill level 3 in Invocations
  3362 | D:5      | HP: 1/57 [ogre/giant club (14)]
  3388 | D:5      | Reached skill level 5 in Armour
  3388 | D:5      | Reached XP level 7. HP: 20/64 MP: 9/9
  3864 | D:2      | Reached skill level 5 in Shields
  4011 | D:2      | Killed Sigmund
  4011 | D:2      | Reached skill level 4 in Invocations
  4443 | D:6      | Found a staircase to the Ecumenical Temple.
  4508 | D:6      | Reached *** piety under Elyvilon
  5177 | D:7      | Found a shadowy altar of Dithmenos.
  5181 | D:7      | Reached XP level 8. HP: 37/73 MP: 11/11
  5219 | D:7      | Reached skill level 5 in Axes
  5301 | D:7      | Reached skill level 5 in Invocations
  5490 | D:7      | Reached skill level 5 in Fighting
  5678 | D:7      | Found a hazy altar of Hepliaklqana.
  5727 | D:7      | Found a blossoming altar of Fedhas.
  5774 | D:8      | Reached **** piety under Elyvilon
  5985 | D:8      | Found a flagged portal.
  5992 | Bailey   | Entered a bailey
  6010 | Bailey   | Noticed an orc warlord
  6068 | Bailey   | Noticed TepidLee's ghost (novice TrFi)
  6148 | Bailey   | Killed TepidLee's ghost
  6148 | Bailey   | Reached skill level 6 in Invocations
  6148 | Bailey   | Gained mutation: You passively map the area around you. [Deep Dwarf growth]
  6148 | Bailey   | Reached XP level 9. HP: 41/82 MP: 12/12
  6218 | Bailey   | Noticed an orc knight
  6266 | Bailey   | Killed an orc knight
  6266 | Bailey   | Reached skill level 7 in Invocations
  6607 | D:8      | Reached skill level 8 in Invocations
  6636 | D:8      | Noticed a two-headed ogre
  6646 | D:8      | Killed a two-headed ogre
  6646 | D:8      | Reached XP level 10. HP: 41/92 MP: 14/14
  6663 | D:8      | Noticed a two-headed ogre
  6684 | D:8      | Killed a two-headed ogre
  7093 | D:8      | Found Hupnaig's Distillery.
  7717 | D:9      | Reached skill level 9 in Invocations
  7866 | D:9      | Noticed Shiggs's ghost (novice NaFE)
  7907 | D:9      | Killed from afar by Shiggs's ghost

Skill      XL: |  1  2  3  4  5  6  7  8  9 10 |
---------------+-------------------------------+-----
Fighting       | 3 4 5 6 7 |  7.0
Armour         | 4 5 7 8 |  8.7
Invocations    | 1 2 3 4 6 8 9 |  9.1
Shields        | 4 5 6 8 |  8.5
Axes           | 3 4 6 7 8 |  8.0

Action                   |  1- 3 |  4- 6 |  7- 9 | 10-12 || total
-------------------------+-------+-------+-------+-------++-------
Melee: War axe           |   120 |   109 |   450 |    18 ||   697
       Hand axe          |       |       |     8 |   161 ||   169
 Fire: Blowgun           |     8 |    15 |     5 |       ||    28
Throw: Throwing net      |       |     1 |     4 |       ||     5
       Tomahawk          |       |       |     1 |     9 ||    10
Invok: Lesser Healing    |       |     4 |     9 |     3 ||    16
       Greater Healing   |       |       |     2 |     2 ||     4
       Purification      |       |       |     2 |       ||     2
 Abil: Heal Wounds       |     1 |     2 |    16 |     3 ||    22
Evoke: Wand              |       |       |     1 |       ||     1
  Use: Scroll            |     4 |     2 |     7 |       ||    13
       Potion            |       |       |     1 |       ||     1
 Stab: Held in net/web   |       |       |     1 |       ||     1
  Eat: Chunk             |     3 |     5 |    11 |     6 ||    25
       Royal jelly       |       |       |     2 |       ||     2
       Bread ration      |       |       |     1 |     1 ||     2
       Meat ration       |       |       |     1 |       ||     1
       Fruit             |       |       |       |     1 ||     1
Armor: Scale mail        |    65 |    29 |    26 |       ||   120
       Chain mail        |       |       |    68 |       ||    68
       Crystal plate arm |       |       |   154 |    91 ||   245
Dodge: Dodged            |    34 |    42 |    55 |    13 ||   144
       Deflected         |     2 |     1 |     7 |     1 ||    11
Block: Shield            |    64 |    74 |   267 |    84 ||   489
